 Dungeon Crawl Stone Soup version 0.23.1-42-g8abd8fc (webtiles) character file.

Game seed: 16951224474992253071

1077 Borgoz the Shield-Bearer (level 8, 0/48 HPs)
             Began as a Gargoyle Fighter on Mar 30, 2019.
             Slain by Sigmund
             ... wielding a +0 scythe
              (4 damage)
             ... on level 6 of the Dungeon.
             The game lasted 00:08:45 (4073 turns).

Borgoz the Shield-Bearer (Gargoyle Fighter)         Turns: 4073, Time: 00:08:46

Health: 0/48       AC: 21    Str: 28    XL:     8   Next: 29%
Magic:  11/11      EV:  8    Int:  8    God:
Gold:   338        SH: 10    Dex: 11    Spells: 11/11 levels left

rFire    + . .     SeeInvis .   a - +0 rapier
rCold    . . .     Gourm    .   c - +0 shield
rNeg     + . .     Faith    .   w - +2 chain mail {rF+}
rPois    ∞         Spirit   .   x - +2 helmet
rElec    +         Reflect  .   k - +0 cloak
rCorr    .         Harm     .   (no gloves)
MR       .....                  (no boots)
Stlth    ..........             A - amulet of the acrobat
HPRegen  0.16/turn              h - +5 ring of slaying
MPRegen  0.12/turn              n - +2 ring of strength

@: mighty, hasted, very quick
A: negative energy resistance 1, electricity resistance, unbreathing,
petrification resistance, rot immunity, AC +5
a: no special abilities


You were on level 6 of the Dungeon.
You were hungry.

You visited 1 branch of the dungeon, and saw 6 of its levels.

You collected 338 gold pieces.

Inventory:

Hand Weapons
 a - a +0 rapier (weapon)
 g - a +2 quarterstaff of chaos
 G - a +0 rapier
Missiles
 l - 4 throwing nets (quivered)
 D - 3 tomahawks
Armour
 c - a +0 shield (worn)
 k - a +0 cloak (worn)
 w - a +2 chain mail of fire resistance (worn)
 x - a +2 helmet (worn)
Jewellery
 b - an uncursed ring of see invisible
 h - a +5 ring of slaying (left hand)
 n - a +2 ring of strength (right hand)
 z - an uncursed ring of ice
 A - an amulet of the acrobat (around neck)
 H - an uncursed ring of protection from magic
Wands
 F - a wand of digging (5)
Scrolls
 e - 3 scrolls of enchant armour
 i - 7 scrolls of remove curse
 m - a scroll of teleportation {unknown}
 r - a scroll of fear {unknown}
 t - a scroll of magic mapping {unknown}
 v - 2 scrolls of enchant weapon {unknown}
 y - a scroll of immolation {unknown}
 E - 2 scrolls of blinking {unknown}
 J - a scroll of random uselessness {unknown}
 K - a scroll of identify
 L - a scroll of silence {unknown}
Potions
 j - a potion of degeneration {unknown}
 o - a potion of cancellation
 p - a potion of agility {unknown}
 q - 2 potions of haste
 s - a potion of resistance
 B - a potion of berserk rage {unknown}
 C - a potion of ambrosia {unknown}
 I - a potion of flight {unknown}
Comestibles
 f - 9 rations


   Skills:
 + Level 4.6 Fighting
 * Level 4.1 Short Blades
 + Level 2.4 Throwing
 + Level 4.6 Armour
 * Level 3.2 Dodging
 + Level 3.2 Stealth
 + Level 4.7 Shields
 + Level 2.3 Spellcasting


You had 11 spell levels left.
You didn't know any spells.
Your spell library contained the following spells:

 Spells                   Type           Power        Failure   Level  Hunger
 Confusing Touch          Hex            #.....       100%        1    ##.....
 Confuse                  Hex            #.......     100%        3    ####...
 Gell's Gravitas          Tloc           #.........   100%        3    ####...
 Petrify                  Tmut/Erth      #.......     100%        4    #####..
 Metabolic Englaciation   Hex/Ice        #.........   100%        5    ######.
 Yara's Violent Unravell  Hex/Tmut       #.........   100%        5    ######.


Dungeon Overview and Level Annotations

Branches:
Dungeon (6/15)
 Temple: D:4-7

Altars:
Hepliaklqana
The Shining One

Annotations:
D:6 Sigmund


Innate Abilities, Weirdness & Mutations

You are resistant to torment.
Your stone body is resilient. (AC +5)
You are immune to poison.
You resist negative energy. (rN+)
You are resistant to electric shocks. (rElec)
You can survive without breathing.
You are immune to petrification.
You are immune to rotting.


Message History

You puncture the orc warrior!
The orc warrior is moderately wounded.
You puncture the orc warrior!
The orc warrior is severely wounded.
The orc warrior barely misses you. Something hits you but does no damage.
You hit the orc warrior but do no damage.
The orc warrior is severely wounded.
You block the orc warrior's attack.
An orc comes into view. It is wielding a +0 whip.
You barely miss the orc warrior.
The orc warrior is severely wounded.
The orc shouts!
Something hits you but does no damage.
You impale the orc warrior!!
You kill the orc warrior!
Things that are here:
a +0 trident; a +0 plate armour You puncture something!
Something hits you but does no damage.
You hit something. Something hits you.
You die...

...........
#.....o.. .###
..#.... ##.
..... ....# #...
.....##.o###..##
#...<.?......
..###...........
........){..$###
.......)@.......
.$.........#####
............#
..........#.#
.......####..#
###..#. >...
##... ... #...
...


You could see an orc.

Vanquished Creatures
  An orc warrior (D:6)
  A bullfrog (D:5)
  2 scorpions
  3 wights
  A hound (D:4)
  2 jellies (D:5)
  Crazy Yiuf (D:2)
  3 orc priests
  6 orc wizards (D:4)
  A bullfrog skeleton (D:2)
  An iguana (D:5)
  A worker ant (D:5)
  2 hound skeletons
  6 adders
  7 gnolls (D:3)
  A shadow imp (D:5)
  An ooze (D:1)
  2 worms
  A dart slug (D:2)
  2 leopard geckos (D:3)
  10 orcs
  A ball python (D:1)
  5 giant cockroaches
  2 goblins (D:3)
  10 hobgoblins
  8 jackals (D:3)
  6 kobolds
  9 bats
  5 frilled lizards
  2 quokka skeletons
  6 rats
109 creatures vanquished.

Notes
Turn   | Place    | Note
-------+----------+-------------------------------------------
     0 | D:1      | Borgoz the Gargoyle Fighter began the quest for the Orb.
     0 | D:1      | Reached XP level 1. HP: 14/14 MP: 1/1
    92 | D:1      | Reached XP level 2. HP: 14/19 MP: 2/2
   327 | D:1      | Reached XP level 3. HP: 23/23 MP: 3/3
   516 | D:2      | Reached skill level 1 in Stealth
   883 | D:2      | Found a runed translucent door.
   884 | D:2      | Noticed Crazy Yiuf
   947 | D:2      | Reached skill level 1 in Dodging
   950 | D:2      | Found a faded altar of an unknown god.
   992 | D:2      | Reached XP level 4. HP: 28/28 MP: 3/5
   993 | D:2      | Reached skill level 1 in Throwing
  1115 | D:2      | Killed Crazy Yiuf
  1241 | D:3      | Reached XP level 5. HP: 32/32 MP: 6/6
  1254 | D:3      | Reached skill level 1 in Spellcasting
  1778 | D:3      | Reached XP level 6. HP: 38/38 MP: 7/7
  2321 | D:4      | Reached XP level 7. HP: 21/43 MP: 9/9
  2816 | D:5      | Entered Level 5 of the Dungeon
  3430 | D:5      | Found a hazy altar of Hepliaklqana.
  3516 | D:5      | Found a glowing golden altar of the Shining One.
  3698 | D:6      | Noticed Sigmund
  3945 | D:6      | Reached XP level 8. HP: 44/48 MP: 11/11
  4073 | D:6      | Slain by Sigmund

Skill      XL: |  1  2  3  4  5  6  7  8 |
---------------+-------------------------+-----
Short Blades   | 2 3 4 |  4.1
Stealth        | 1 2 3 |  3.2
Dodging        | 1 2 3 |  3.2
Throwing       | 1 2 |  2.4
Spellcasting   | 1 2 |  2.3
Shields        | 4 |  4.7
Armour         | 4 |  4.6
Fighting       | 4 |  4.6

Action                   |  1- 3 |  4- 6 |  7- 9 || total
-------------------------+-------+-------+-------++-------
Melee: Rapier            |   104 |   161 |   124 ||   389
  Use: Scroll            |       |    10 |       ||    10
       Potion            |       |       |     6 ||     6
  Eat: Chunk             |       |     5 |     5 ||    10
Armor: Scale mail        |    44 |       |       ||    44
       Chain mail        |    10 |   133 |    78 ||   221
Dodge: Dodged            |    31 |    36 |    45 ||   112
Block: Shield            |    62 |    63 |    55 ||   180
